 Seeded DCSS version 0.29.1-15-g9cfb28693d (webtiles) character file.

Game seed: 1 (custom seed)

95466 Kazon the Victor of a Thousand Battles (level 15, -16/115 HPs)
             Began as a Demonspawn Fighter on Mar 1, 2023.
             Was the Champion of Okawaru.
             Demolished by an entropy weaver simulacrum (22 damage)
             ... on level 3 of the Spider Nest on Mar 3, 2023.
             The game lasted 01:55:58 (16954 turns).

Kazon the Victor of a Thousand Battles (DsFi)      Turns: 16954, Time: 01:55:58

Health: -16/115    AC: 25    Str: 16    XL:     15   Next: 66%
Magic:  25/25      EV: 13    Int: 14    God:    Okawaru [******]
Gold:   592        SH:  0    Dex: 20    Spells: 14/14 levels left

rFire   + + +      SeeInvis +   q - +9 quarterstaff of the Two Names {spect, Int+2}
rCold   . . .      Faith    .   (shield currently unavailable)
rNeg    + + +      Spirit   .   R - +1 scale mail of the Grinning Gods {rC- rN+++ Regen+ Stlth-}
rPois   +          Reflect  .   f - +0 helmet of Valiance {rElec rPois Dex-4 SInv}
rElec   +          Harm     .   P - scarf {rC+ rF+}
rCorr   .          Rampage  .   Q - +3 pair of gauntlets of War {Slay+5}
Will    +....                   n - +2 pair of boots
Stlth   ++........              U - amulet "Odemouw" {Contam rPois rF+++ Regen+ Stlth+}
HPRegen 4.89/turn               Z - +4 ring of protection
MPRegen 0.19/turn               V - +6 ring of dexterity

@: no status effects
A: claws 2, yellow scales 2, powered by death 2, spiny 2
a: Renounce Religion, Heroism, Finesse, Duel


You were on level 3 of the Spider Nest.
You worshipped Okawaru.
Okawaru was exalted by your worship.
You visited 4 branches of the dungeon, and saw 22 of its levels.

You collected 1552 gold pieces.
You spent 960 gold pieces at shops.

Inventory:

Hand Weapons
 e - the +3 quick blade of Indomitability {drain, Will++ Str+4}
   (Okawaru gifted it to you on level 2 of the Lair of Beasts)

   A truly terrible weapon, it drains the life of any living foe it strikes.
   Str:       It affects your strength (+4).
   Will:      It greatly increases your willpower.
 j - the +9 falchion "Xoeqoopp" {freeze, rCorr Stlth+}
   (Okawaru gifted it to you on level 1 of the Spider Nest)

   It freezes those it strikes, dealing additional cold damage.
   It can also slow down cold-blooded creatures.
   rCorr:     It protects you from acid and corrosion.
   Stlth:     It makes you more stealthy.
 q - the +9 quarterstaff of the Two Names (weapon) {spect, Int+2}
   (Okawaru gifted it to you on level 10 of the Dungeon)

   When its wielder attacks, the weapon's spirit leaps out and strikes again.
   The spirit shares a part of any damage it takes with its wielder.
   Int:       It affects your intelligence (+2).
 s - the +10 triple sword "Lyistrusa" {venom, Will+ Int+2}
   (You acquired it on level 3 of the Lair of Beasts)

   It poisons the flesh of those it strikes.
   Int:       It affects your intelligence (+2).
   Will:      It increases your willpower.
Missiles
 z - 22 boomerangs
 B - 10 curare-tipped darts
 H - 18 poisoned darts (quivered)
 N - a javelin
Armour
 c - a +2 buckler
 f - the +0 helmet of Valiance (worn) {rElec rPois Dex-4 SInv}
   (Okawaru gifted it to you on level 2 of the Spider Nest)

   Dex:       It affects your dexterity (-4).
   rElec:     It insulates you from electricity.
   rPois:     It protects you from poison.
   SInv:      It lets you see invisible.
 n - a +2 pair of boots (worn)
 P - a scarf of resistance (worn)
 Q - the +3 pair of gauntlets of War (worn) {Slay+5}
   (You acquired it on level 1 of the Dungeon)

   Slay:      It affects your accuracy & damage with ranged weapons and melee
   (+5).
 R - the +1 scale mail of the Grinning Gods (worn) {rC- rN+++ Regen+ Stlth-}
   (Okawaru gifted it to you on level 11 of the Dungeon)

   rC:        It makes you vulnerable to cold.
   rN:        It renders you almost immune to negative energy.
   Regen:     It increases your rate of health regeneration.
   Stlth:     It makes you less stealthy.
Jewellery
 U - the amulet "Odemouw" (around neck) {Contam rPois rF+++ Regen+ Stlth+}
   (You bought it in a shop on level 8 of the Dungeon)

   [amulet of regeneration]

   rF:        It renders you almost immune to fire.
   rPois:     It protects you from poison.
   Contam:    It causes magical contamination when unequipped.
   Regen:     It increases your rate of health regeneration.
   Stlth:     It makes you more stealthy.
 V - a +6 ring of dexterity (right hand)
 Z - a +4 ring of protection (left hand)
Wands
 k - a wand of paralysis (19)
 t - a wand of polymorph (11)
 A - a wand of mindburst (26)
 C - a wand of flame (36)
 J - a wand of roots (11)
Scrolls
 i - a scroll of identify
 o - 4 scrolls of immolation
 p - 2 scrolls of poison
 r - 4 scrolls of fog
 v - 6 scrolls of teleportation
 x - 2 scrolls of magic mapping
 y - a scroll of noise
 G - 3 scrolls of fear
 Y - 2 scrolls of silence
Potions
 a - 2 potions of ambrosia
 b - 3 potions of berserk rage
 d - 4 potions of might
 g - 3 potions of haste
 h - 4 potions of flight
 l - a potion of resistance
 u - 2 potions of heal wounds
 w - 9 potions of lignification
 E - 3 potions of cancellation
 I - 6 potions of curing
 W - a potion of invisibility
Miscellaneous
 K - a condenser vane
 M - a lightning rod (4/4)
 S - a phial of floods


   Skills:
 + Level 10.0 Fighting
 + Level 5.3(8.4) Short Blades
 + Level 10.0(10.6) Long Blades
 + Level 7.2 Staves
 + Level 9.3 Throwing
 + Level 8.8 Armour
 + Level 7.0 Dodging
 + Level 6.5 Stealth
 + Level 6.2 Shields
 * Level 13.9 Invocations
 * Level 10.7 Evocations


You had 14 spell levels left.
You didn't know any spells.
Your spell library contained the following spells:

 Spells                   Type           Power      Damage    Failure   Level
 Apportation              Tloc           0%         N/A       65%         1
 Magic Dart               Conj           0%         1d3       65%         1
 Necrotise                Necr           0%         1d4       65%         1
 Sting                    Tmut/Pois      0%         1d3       65%         1
 Poisonous Vapours        Pois/Air       0%         N/A       78%         2
 Dazzling Flash           Conj/Hex       0%         N/A       95%         3
 Mephitic Cloud           Conj/Pois/Air  0%         N/A       95%         3
 Ozocubu's Armour         Ice            0%         N/A       95%         3
 Iskenderun's Mystic Bla  Conj/Tloc      0%         2d3       100%        4
 Olgreb's Toxic Radiance  Pois           0%         N/A       100%        4
 Blade Hands              Tmut           0%         N/A       100%        5
 Fireball                 Conj/Fire      0%         3d3       100%        5
 Iskenderun's Battlesphe  Conj           0%         2d6       100%        5
 Metabolic Englaciation   Hex/Ice        0%         N/A       100%        5
 Conjure Ball Lightning   Conj/Air       0%         3x3d6     100%        6
 Iron Shot                Conj/Erth      0%         9d1       100%        6
 Starburst                Conj/Fire      0%         6d3       100%        6
 Orb of Destruction       Conj           0%         9d5       100%        7
 Ozocubu's Refrigeration  Ice            0%         4d7       100%        7
 Summon Small Mammal      Summ           Unusable   N/A       N/A         1
 Call Imp                 Summ           Unusable   N/A       N/A         2
 Animate Armour           Summ/Erth      Unusable   N/A       N/A         4
 Simulacrum               Ice/Necr       Unusable   N/A       N/A         6

Dungeon Overview and Level Annotations

Branches:
Dungeon (13/15)            Temple (1/1) D:7            Lair (5/5) D:10
 Shoals (0/4) Lair:3       Spider (3/4) Lair:3        Slime (0/5) Lair:4
    Orc (0/2) D:12
 Vaults: D:13-14

Altars:
Ashenzari
Dithmenos
Gozag
Hepliaklqana
Kikubaaqudgha
Makhleb
Nemelex Xobeh
Okawaru
Qazlal
Uskayaw
Xom
Jiyva

Shops:
D:3 (   D:8 ?(==   D:10 :


Innate Abilities, Weirdness & Mutations

You have very sharp fingernails.
You are mostly covered in yellow scales. (AC +3)
You regenerate health from kills.
You are mostly covered in sharp spines.


Message History

The culicivora is struck by your spines.
You kill the culicivora!
Okawaru accepts your kill.
A freezing mist starts to gather...
The redback simulacrum completely misses your +9 quarterstaff of the Two Names {spect, Int+2}.
The entropy weaver simulacrum closely misses your +9 quarterstaff of the Two Names {spect, Int+2}.
The entropy weaver simulacrum misses your +9 quarterstaff of the Two Names {spect, Int+2}.
The entropy weaver simulacrum hits your +9 quarterstaff of the Two Names {spect, Int+2}.
The entropy weaver simulacrum freezes your +9 quarterstaff of the Two Names {spect, Int+2}!
Your +9 quarterstaff of the Two Names {spect, Int+2} resists.
Your spectral weapon shares its damage with you!
The entropy weaver simulacrum hits your +9 quarterstaff of the Two Names {spect, Int+2}.
Your spectral weapon shares its damage with you!
The entropy weaver simulacrum freezes your +9 quarterstaff of the Two Names {spect, Int+2}!
Your +9 quarterstaff of the Two Names {spect, Int+2} resists.
Your spectral weapon shares its damage with you!
Your +9 quarterstaff of the Two Names {spect, Int+2} fades away.
A culicivora simulacrum comes into view.
Aiming: Throw Flame
Press: ? - help, Shift-Dir - straight line, f - culicivora simulacrum
Aim: a culicivora simulacrum (grey smoke, 75% to hit)
The puff of flame misses the culicivora simulacrum.
The redback simulacrum bites you but does no damage.
You thump the redback simulacrum!
The redback simulacrum is heavily damaged.
Your +9 quarterstaff of the Two Names {spect, Int+2} hits the redback simulacrum!!
The redback simulacrum vaporises!
The entropy weaver simulacrum hits you.
The entropy weaver simulacrum freezes you!!
The entropy weaver simulacrum hits you but does no damage. x3
You barely miss the entropy weaver simulacrum.
Your +9 quarterstaff of the Two Names {spect, Int+2} barely misses the entropy weaver simulacrum.
The entropy weaver simulacrum is struck by your spines.
The entropy weaver simulacrum hits you.
The entropy weaver simulacrum freezes you!!
* * * LOW HITPOINT WARNING * * *
The entropy weaver simulacrum hits you.
* * * LOW HITPOINT WARNING * * *
The entropy weaver simulacrum freezes you!!
You die...

.###..#.####....
..##..###.##...^###
...##.†....#...s..##
#...††..^###...B...#
##.....###.....s..(#
#.....## ..........#
#.†....##........Z.#
###.....#w....^##Z.#
#.......#....###@(.#
.......^#...##...§§#
...#...#### #......#
####......###......#
## ###....##.......#
.## ##..##........#
..## ##..##.......#
#..## ##.#........#
#...## ####........#


You could see an entropy weaver simulacrum, a culicivora simulacrum and a
friendly +9 quarterstaff of the Two Names {spect, Int+2} (summoned).

Vanquished Creatures
  Rupert (D:12)
  3 emperor scorpions
  A ghost moth (Spider:1)
  2 broodmothers
  Nessos (D:12)
  Azrael (D:12)
  2 entropy weavers
  2 boulder beetles
  Fannar (Lair:2)
  Erolcha (D:10)
  4 catoblepae
  3 two-headed ogres
  10 death yaks
  4 pharaoh ants (Spider:3)
  A sun moth (Spider:1)
  Lodul (D:12)
  4 steelbarb worms
  3 orb spiders
  5 spectral wolf spiders (Spider:1)
  6 wolf spider zombies (Spider:1)
  15 wolf spiders
  A cyclops (D:12)
  An ugly thing (D:11)
  3 manticores
  5 black mambas
  5 elephants (Lair:4)
  11 cane toads
  5 torpor snails
  Maggie (D:6)
  4 rime drakes
  2 unseen horrors
  15 komodo dragons
  8 demonic crawlers
  4 kobold demonologists (D:11)
  A tengu conjurer (D:12)
  4 trolls
  Prince Ribbit (D:9)
  14 tarantellas
  A polar bear (Lair:4)
  2 wolf spider simulacra (Spider:1)
  17 blink frogs
  5 dream sheep (Lair:4)
  A snapping turtle (Lair:3)
  18 jumping spiders
  2 shadows
  2 vampires
  63 yaks
  16 culicivoras
  2 wraiths (D:12)
  2 fire elementals
  5 wyverns
  3 basilisks
  Eustachio (D:5)
  29 redbacks
  2 steam dragons
  Menkaure (D:5)
  Edmund (D:6)
  2 acid dragons
  16 water moccasins
  2 hell hounds (D:13)
  5 orc warriors
  An ice beast (D:8)
  5 sky beasts
  2 black bears (D:6)
  5 centaurs
  7 ogres
  A wolf (D:10)
  2 phantoms (D:6)
  3 kobold brigands
  3 necrophages
  5 bullfrogs
  A gnoll sergeant (D:7)
  10 scorpions
  21 wights
  3 killer bees (D:10)
  3 electric eels
  A howler monkey (D:5)
  2 jellies (D:6)
  6 hounds
  7 orc priests
  A gnoll bouda (D:7)
  6 iguanas
  4 orc wizards
  4 hell rats (Lair:3)
  Robin (D:3)
  15 gnolls
  13 adders
  3 shadow imps
  2 white imps (D:7)
  An ufetubus (D:5)
  4 worms
  37 orcs
  11 endoplasms
  3 giant cockroaches
  16 goblins
  9 hobgoblins
  A jackal (D:4)
  27 kobolds
  2 quokkas
  5 ball pythons
  4 bats
  3 frilled lizards
  6 rats
620 creatures vanquished.

Vanquished Creatures (others)
  30 fungi
  41 plants
71 creatures vanquished.

Grand Total: 691 creatures vanquished

Notes
Turn   | Place    | Note
-------+----------+-------------------------------------------
     0 | D:1      | Kazon the Demonspawn Fighter began the quest for the Orb.
     0 | D:1      | Reached XP level 1. HP: 18/18 MP: 1/1
    34 | D:1      | Identified a scroll of acquirement
    34 | D:1      | Acquired the +3 pair of gauntlets of War {Slay+5}
    34 | D:1      | Found the +3 pair of gauntlets of War {Slay+5}
   291 | D:1      | Gained mutation: You are partially covered in sharp spines.
                  | [demonic ancestry]
   291 | D:1      | Reached XP level 2. HP: 24/24 MP: 2/2
   931 | D:2      | Gained mutation: You regenerate a little health from kills.
                  | [demonic ancestry]
   931 | D:2      | Reached XP level 3. HP: 29/29 MP: 3/3
  1377 | D:2      | Reached XP level 4. HP: 36/36 MP: 4/4
  1429 | D:3      | Found Umat's Antique Weapon Boutique.
  1486 | D:3      | Bought a crude falchion for 184 gold pieces
  1486 | D:3      | Identified the +3 falchion of Winter {venom, rCorr} (You
                  | bought it in a shop on level 3 of the Dungeon)
  1582 | D:3      | Noticed Robin
  1595 | D:3      | Killed Robin
  1626 | D:3      | Reached XP level 5. HP: 42/42 MP: 5/5
  1822 | D:3      | Reached skill level 5 in Fighting
  1822 | D:3      | Reached skill level 5 in Long Blades
  1822 | D:3      | Reached skill level 5 in Armour
  1822 | D:3      | Reached XP level 6. HP: 52/52 MP: 6/6
  2342 | D:4      | Reached skill level 5 in Shields
  2476 | D:4      | Gained mutation: You have sharp fingernails. [demonic
                  | ancestry]
  2476 | D:4      | Reached XP level 7. HP: 48/57 MP: 7/7
  2654 | D:4      | Found a hazy altar of Hepliaklqana.
  2808 | D:5      | Entered Level 5 of the Dungeon
  2839 | D:5      | Noticed Eustachio
  2854 | D:5      | Killed Eustachio
  2859 | D:5      | Reached skill level 1 in Evocations
  2869 | D:5      | Gained mutation: You have very sharp fingernails. [demonic
                  | ancestry]
  2869 | D:5      | Reached XP level 8. HP: 21/64 MP: 8/8
  3295 | D:5      | Noticed Menkaure
  3302 | D:5      | Killed Menkaure
  3828 | D:7      | Found a staircase to the Ecumenical Temple.
  3838 | Temple   | Entered the Ecumenical Temple
  3845 | Temple   | Became a worshipper of Warmaster Okawaru
  3874 | D:7      | Gained mutation: You are mostly covered in sharp spines.
                  | [demonic ancestry]
  3874 | D:7      | Reached XP level 9. HP: 58/69 MP: 9/9
  3883 | D:7      | Found a hide-covered altar of Uskayaw.
  3953 | D:6      | Reached skill level 1 in Invocations
  3984 | D:6      | Reached * piety under Okawaru
  3985 | D:6      | Reached skill level 2 in Invocations
  4001 | D:6      | Noticed Edmund
  4019 | D:6      | Killed Edmund
  4020 | D:6      | Reached skill level 3 in Invocations
  4163 | D:6      | Reached ** piety under Okawaru
  4188 | D:6      | Noticed Maggie
  4200 | D:6      | Killed Maggie
  4535 | D:7      | Gained mutation: You are partially covered in yellow
                  | scales. (AC +2) [demonic ancestry]
  4535 | D:7      | Reached XP level 10. HP: 77/77 MP: 9/12
  4614 | D:7      | Reached skill level 4 in Invocations
  5314 | D:8      | Reached *** piety under Okawaru
  5387 | D:8      | Found Esumer's Weapon Shop.
  5475 | D:8      | Found Heidghoki's Jewellery Shop.
  5573 | D:8      | Found Zoxtaeshakh's Jewellery Boutique.
  5820 | D:8      | Found Quzidd's Magic Scroll Emporium.
  5825 | D:8      | Bought a scroll of teleportation for 42 gold pieces
  6104 | D:9      | Reached skill level 5 in Invocations
  6275 | D:9      | Noticed Prince Ribbit
  6285 | D:9      | Killed Prince Ribbit
  6421 | D:9      | Reached skill level 5 in Stealth
  6435 | D:9      | Noticed a two-headed ogre
  6444 | D:9      | Killed a two-headed ogre
  6444 | D:9      | Reached **** piety under Okawaru
  6444 | D:9      | Received a gift from Okawaru
  6445 | D:9      | Reached skill level 5 in Throwing
  6484 | D:10     | Entered Level 10 of the Dungeon
  6600 | D:10     | Found a staircase to the Lair.
  6603 | D:10     | Received a gift from Okawaru
  6647 | D:10     | Gained mutation: You are mostly covered in yellow scales.
                  | (AC +3) [demonic ancestry]
  6647 | D:10     | Reached XP level 11. HP: 83/83 MP: 15/15
  6657 | D:10     | Noticed Erolcha
  6669 | D:10     | Killed Erolcha
  6681 | D:10     | Identified the +5 long sword of the Land of Plenty {drain,
                  | Dex+3}
  6711 | D:10     | Found Juagoaq's Book Shoppe.
  6727 | D:10     | Reached skill level 6 in Invocations
  6753 | D:10     | Reached skill level 5 in Evocations
  7048 | D:10     | Reached ***** piety under Okawaru
  7180 | D:10     | Identified the +9 quarterstaff of the Two Names {spect,
                  | Int+2} (Okawaru gifted it to you on level 10 of the
                  | Dungeon)
  7180 | D:10     | Received a gift from Okawaru
  7533 | D:11     | Noticed a green ugly thing
  7542 | D:11     | Killed a green ugly thing
  7578 | D:11     | Reached skill level 7 in Invocations
  7582 | D:11     | Reached skill level 5 in Dodging
  7765 | D:11     | Identified the +1 scale mail of the Grinning Gods {rC-
                  | rN+++ Regen+ Stlth-} (Okawaru gifted it to you on level 11
                  | of the Dungeon)
  7765 | D:11     | Received a gift from Okawaru
  8000 | D:11     | Reached skill level 8 in Invocations
  8341 | D:12     | Noticed a two-headed ogre
  8351 | D:12     | Killed a two-headed ogre
  8352 | D:12     | Reached skill level 1 in Staves
  8352 | D:12     | Reached XP level 12. HP: 71/92 MP: 18/18
  8428 | D:12     | Noticed Lodul
  8444 | D:12     | Killed Lodul
  8675 | D:8      | Bought the amulet "Odemouw" {Contam rPois rF+++ Regen+
                  | Stlth+} for 734 gold pieces
  8754 | Lair:1   | Entered Level 1 of the Lair of Beasts
  8944 | Lair:1   | Found the +2 Maxwell's thermic engine {flame, freeze}
  9360 | Lair:2   | Reached skill level 9 in Invocations
  9825 | Lair:2   | Received a gift from Okawaru
  9827 | Lair:2   | Noticed Fannar
  9833 | Lair:2   | Noticed a catoblepas
  9844 | Lair:2   | Killed Fannar
  9844 | Lair:2   | Reached ****** piety under Okawaru
  9857 | Lair:2   | Killed a catoblepas
  9857 | Lair:2   | Identified the +3 quick blade of Indomitability {drain,
                  | Will++ Str+4} (Okawaru gifted it to you on level 2 of the
                  | Lair of Beasts)
  9857 | Lair:2   | Received a gift from Okawaru
 10209 | Lair:3   | Found a hole to the Spider Nest.
 10352 | Lair:3   | Noticed a death yak
 10354 | Lair:3   | Noticed a death yak
 10358 | Lair:3   | Noticed a death yak
 10360 | Lair:3   | Noticed a death yak
 10362 | Lair:3   | Killed a death yak
 10363 | Lair:3   | Reached XP level 13. HP: 99/99 MP: 20/20
 10367 | Lair:3   | Reached skill level 10 in Invocations
 10391 | Lair:3   | Found an ancient bone altar of Kikubaaqudgha.
 10456 | Lair:3   | Received a gift from Okawaru
 10563 | Lair:3   | Found a staircase to the Shoals.
 11090 | Lair:4   | Found a staircase to the Slime Pits.
 11091 | Lair:4   | Found a viscous altar of Jiyva.
 11189 | Lair:4   | Identified the +1 pair of gloves of the Bouncing Things
                  | {Int+4} (Okawaru gifted it to you on level 4 of the Lair of
                  | Beasts)
 11189 | Lair:4   | Received a gift from Okawaru
 11283 | Lair:4   | Identified the +3 battleaxe "Adididghufym" {antimagic, rF+
                  | Will+}
 11541 | Lair:4   | You fall into a shaft and drop 1 floor!
 11541 | Lair:5   | Entered Level 5 of the Lair of Beasts
 11614 | Lair:5   | Reached skill level 5 in Short Blades
 11727 | Lair:5   | Reached skill level 11 in Invocations
 12836 | Lair:5   | Gained mutation: You regenerate health from kills. [demonic
                  | ancestry]
 12836 | Lair:5   | Reached XP level 14. HP: 99/106 MP: 22/22
 12851 | Lair:5   | Received a gift from Okawaru
 12960 | Lair:5   | Reached skill level 5 in Staves
 13242 | D:12     | Noticed Nessos
 13258 | D:12     | Killed Nessos
 13387 | D:12     | Found a staircase to the Orcish Mines.
 13536 | D:12     | Noticed Rupert
 13564 | D:12     | Killed Rupert
 13787 | D:13     | Noticed Azrael
 13800 | D:12     | Killed Azrael
 13801 | D:12     | Reached skill level 12 in Invocations
 13924 | D:13     | Received a gift from Okawaru
 14157 | Spider:1 | Entered Level 1 of the Spider Nest
 14398 | Spider:1 | Identified the +9 falchion "Xoeqoopp" {freeze, rCorr
                  | Stlth+} (Okawaru gifted it to you on level 1 of the Spider
                  | Nest)
 14398 | Spider:1 | Received a gift from Okawaru
 14755 | Spider:1 | Noticed an emperor scorpion
 14777 | Spider:1 | Noticed a ghost moth
 14777 | Spider:1 | Killed an emperor scorpion
 14796 | Spider:1 | HP: 7/162 [ghost moth (14)]
 14800 | Spider:1 | Killed a ghost moth
 14800 | Spider:1 | Identified the +0 gold dragon scales "Zalu" {Rampage rElec
                  | rPois rF+ rC+ Will+ Int-2} (Okawaru gifted it to you on
                  | level 1 of the Spider Nest)
 14800 | Spider:1 | Received a gift from Okawaru
 14913 | Lair:3   | Acquired the +10 triple sword "Lyistrusa" {venom, Will+
                  | Int+2}
 15494 | Spider:1 | Reached XP level 15. HP: 81/114 MP: 24/24
 15515 | Spider:1 | Reached skill level 10 in Evocations
 15519 | Spider:1 | Reached skill level 13 in Invocations
 15968 | Spider:2 | Noticed an emperor scorpion
 15988 | Spider:2 | Killed an emperor scorpion
 15988 | Spider:2 | Identified the +0 helmet of Valiance {rElec rPois Dex-4
                  | SInv} (Okawaru gifted it to you on level 2 of the Spider
                  | Nest)
 15988 | Spider:2 | Received a gift from Okawaru
 16827 | Spider:3 | Noticed an emperor scorpion
 16842 | Spider:3 | Killed an emperor scorpion
 16843 | Spider:3 | Reached skill level 10 in Fighting
 16869 | Spider:3 | Reached skill level 10 in Long Blades
 16954 | Spider:3 | Demolished by an entropy weaver simulacrum

Illustrated notes

Levels and vault maps discovered:
D:1:      dpeg_arrival_three_smaller_balls, layout_basic
D:2:      layout_loops_ring
D:3:      layout_basic, serial_shops, nicolae_shop_stone, st_stairs_9,
          minmay_misc_feat_doors, eino_curves_03, uniq_robin
D:4:      minmay_wonky_spiral, layout_basic,
          mainiacjoe_overflow_surrounded_room, minivault_5
D:5:      layout_cave_pods, uniq_menkaure, uniq_eustachio
D:6:      cheibrodos_barr_body, layout_basic, minmay_crystal_room,
          minmay_pentangle, uniq_maggie, uniq_edmund
D:7:      layout_cave_pools, nicolae_uskayaw_murder_on_the_dancefloor,
          elyvilon_altar_4, minmay_temple_entry_purple_smoke
D:8:      layout_basic, serial_shops, shop_statue, kennysheep_little_box, shop,
          nicolae_shop_window_shopping
D:9:      layout_cave_pools, uniq_prince_ribbit1
D:10:     layout_stronghold, erik_lair_island, serial_shops,
          nicolae_shop_statue_plus, uniq_erolcha
D:11:     layout_roguey
D:12:     layout_loops_ring, orc_0_dummy, chequers_serial_rivers_marsh,
          uniq_lodul, uniq_nessos, uniq_rupert
D:13:     layout_gridville, david_vaults_5, serial_shops,
          nicolae_shop_behind_doors, minmay_fractal_squares_gapless_5,
          uniq_azrael
Temple:   nicolae_temple_bog_church
Lair:1:   layout_long_grid, fungi_pond_lemuel, cheibrodos_lair_reptile_den
Lair:2:   layout_gridlike, uniq_fannar
Lair:3:   layout_roguey, minmay_shoals_entry_hut,
          nicolae_spider_entry_non_spiders, basic_altar, serial_bayou_crossing
Lair:4:   layout_gridlike, slime_entry_1, serial_rivers,
          chequers_serial_rivers_room_a, chequers_serial_rivers_micro_c,
          chequers_serial_rivers_room_a, chequers_serial_rivers_micro_e,
          minivault_27, grunt_megastairs_3, infiniplex_staircase_pool_2
Lair:5:   evilmike_catoblepas_cave, layout_long_grid
Spider:1: layout_chambers, nicolae_spider_undead_wolf_pack
Spider:2: layout_cave_pods
Spider:3: layout_spider_delve

Skill      XL: |  1  2  3  4  5  6  7  8  9 10 11 12 13 14 15 |
---------------+----------------------------------------------+-----
Armour         | 3 5 6 7 8 |  8.8
Long Blades    | 2 3 5 6 7 8 9 10 | 10.0
Shields        | 3 4 5 6 |  6.2
Fighting       | 5 6 8 9 10 | 10.0
Short Blades   | 3 4 5 |  5.3
Throwing       | 3 4 5 6 7 8 9 |  9.3
Dodging        | 3 4 5 6 7 |  7.0
Stealth        | 3 4 5 6 |  6.5
Evocations     | 1 2 3 4 5 7 8 9 10 | 10.7
Invocations    | 3 5 8 9 11 12 13 | 13.9
Staves         | 1 3 4 6 7 |  7.2

Action                   |  1- 3 |  4- 6 |  7- 9 | 10-12 | 13-15 || total
-------------------------+-------+-------+-------+-------+-------++-------
Melee: Long sword        |    53 |       |       |    79 |       ||   132
       Dagger            |     5 |    40 |     5 |    31 |       ||    81
       Falchion          |       |    25 |   190 |   188 |       ||   403
       Quarterstaff      |       |       |       |   121 |   374 ||   495
       Punch             |       |       |       |     2 |       ||     2
       Double sword      |       |       |       |     9 |    54 ||    63
       Quick blade       |       |       |       |       |   273 ||   273
       Triple sword      |       |       |       |       |    89 ||    89
Throw: Stone             |     8 |    27 |    45 |    41 |       ||   121
       Throwing net      |       |       |     1 |       |       ||     1
       Boomerang         |       |       |       |    72 |    24 ||    96
       Dart              |       |       |       |    82 |   213 ||   295
Invok: Heroism           |       |       |     1 |     2 |     5 ||     8
       Finesse           |       |       |       |       |     1 ||     1
Evoke: Wand              |       |       |     4 |     9 |    16 ||    29
       Condenser vane    |       |       |       |     1 |       ||     1
       Lightning rod     |       |       |       |       |     2 ||     2
  Use: Scroll            |     1 |       |     3 |     4 |    17 ||    25
       Potion            |       |     1 |     2 |     1 |     2 ||     6
 Stab: Sleeping          |       |     1 |     6 |     7 |     7 ||    21
       Paralysed         |       |       |       |     2 |     2 ||     4
       Petrified         |       |       |       |     2 |       ||     2
       Distracted        |       |       |       |     1 |     5 ||     6
Armor: Scale mail        |    37 |    17 |    24 |    60 |   396 ||   534
       Leather armour    |       |       |    52 |    64 |       ||   116
Dodge: Dodged            |    23 |    12 |    88 |   206 |   367 ||   696
Block: Buckler           |    11 |    15 |    60 |    41 |    67 ||   194
